 Dungeon Crawl Stone Soup version 0.31-a0-234-gad7ace16ef (webtiles) character file.

Game seed: 9216209318775692951

88 qw the Shooter (level 4, 0/36 HPs)
             Began as a Minotaur Hexslinger on July 9, 2023.
             Slain by a worm (3 damage)
             ... on level 3 of the Dungeon.
             The game lasted 00:00:51 (2192 turns).

qw the Shooter (Minotaur Hexslinger)                Turns: 2192, Time: 00:00:52

Health: 0/36       AC:  5    Str: 13    XL:     4   Next: 30%
Magic:  4/4        EV: 11    Int: 10    God:
Gold:   173        SH:  0    Dex: 14    Spells: 4/5 levels left

rFire   . . .        Y - +1 sling
rCold   . . .        (no shield)
rNeg    . . .        g - +0 ring mail
rPois   .            (helmet restricted)
rElec   .            (no cloak)
rCorr   .            (no gloves)
SInv    .            (no boots)
Will    .....        (no amulet)
Stlth   +            (no ring)
HPRegen 0.26/turn    (no ring)
MPRegen 0.09/turn

%: no passive effects
@: about to teleport
A: horns 2, retaliatory headbutt
a: no special abilities


You were on level 3 of the Dungeon.
You visited 1 branch of the dungeon, and saw 3 of its levels.

You collected 173 gold pieces.


Innate Abilities, Weirdness & Mutations

You have a pair of horns on your head.
You reflexively headbutt those who attack you in melee.


   Skills:
 - Level 2.0 Fighting
 + Level 4.7 Ranged Weapons
 - Level 1.0 Armour
 - Level 2.1 Dodging
 - Level 1.0 Spellcasting
 - Level 2.0 Hexes


You had 4 spell levels left.
You knew the following spells:

 Your Spells              Type           Power      Damage    Failure   Level
a - Slow                  Hex            16%        N/A       32%         1

Your spell library contained the following spells:

 Spells                   Type           Power      Damage    Failure   Level
 Inner Flame              Hex/Fire       2%         N/A       82%         3
 Portal Projectile        Hex/Tloc       4%         N/A       82%         3
 Cause Fear               Hex            2%         N/A       97%         4

Inventory:

Hand Weapons
 Y - a +1 sling (weapon)
Armour
 g - a +0 ring mail (worn)
Jewellery
 b - a ring of see invisible
Scrolls
 a - a scroll of identify
 c - a scroll of amnesia {unknown}
Potions
 d - a potion of curing
 e - a potion of heal wounds {unknown}
 h - a potion of mutation {unknown}

Dungeon Overview and Level Annotations

Branches:
Dungeon (3/15)

Altars:
Vehumet


Message History

Enter note:
Enter note:
Enter note:
Enter note:
Enter note:
Enter note:
Enter note:
Enter note:
Enter note: You shoot a sling bullet.
The sling bullet barely misses the worm.
The worm bites you!
You shoot a sling bullet.
The sling bullet barely misses the worm.
The worm bites you.
You shoot a sling bullet. The sling bullet hits the worm.
The worm is lightly wounded.
The worm bites you.
You shoot a sling bullet.
The sling bullet hits the worm but does no damage.
The worm is lightly wounded.
You shoot a sling bullet. The sling bullet hits the worm.
The worm is moderately wounded.
The worm bites you.
You shoot a sling bullet. The sling bullet hits the worm.
The worm is heavily wounded.
The worm bites you!
You shoot a sling bullet. The sling bullet hits the worm.
The worm is severely wounded.
The worm bites you.
You shoot a sling bullet. The sling bullet hits the worm.
The worm is severely wounded.
You shoot a sling bullet.
The sling bullet barely misses the worm.
The worm bites you!
2192 ||| READING scroll of teleportation.
As you read the scroll of teleportation, it crumbles to dust.
You feel strangely unstable. The worm bites you.
You die...

# 7.7 7..77
7.7 77..7 7.7
7..77
777##########
7.777.77
7.....#......
7...7.7
77.7##........
7.....7 777..7
###......
7.....77
7777...77
#......
7...77.7
77w7.7.77
#######
7.7777.7
7..@7777 7.
7.7 7.777 ###
# 7. 77. 7.
####.# #


7 7 7 #....##### #.##...... #.##...... #.##...... #.##...... #.##...... You
could see a worm.

Vanquished Creatures
  A statue (D:3)
  2 dart slugs
  5 orcs (D:3)
  8 endoplasms
  4 giant cockroaches
  5 hobgoblins (D:2)
  3 quokkas
  6 ball pythons
  5 bats
  5 frilled lizards
  2 goblins (D:2)
  3 kobolds
  5 rats
54 creatures vanquished.

Notes
Turn   | Place    | Note
-------+----------+-------------------------------------------
     0 | D:1      | qw the Minotaur Hexslinger began the quest for the Orb.
     0 | D:1      | Reached XP level 1. HP: 16/16 MP: 1/1
     0 | D:1      | 0 ||| qw: Version: 0.3-a-51-g015441d
     0 | D:1      | 0 ||| qw: Game counter: 4139
     0 | D:1      | 0 ||| qw: Melee chars always use a shield: true
     0 | D:1      | 0 ||| qw: God list: Okawaru
     0 | D:1      | 0 ||| qw: Allow faded altars: false
     0 | D:1      | 0 ||| qw: Do Orc after clearing Dungeon:15 true
     0 | D:1      | 0 ||| qw: Do second Lair branch before Depths: true
     0 | D:1      | 0 ||| qw: Lair rune preference: random
     0 | D:1      | 0 ||| qw: Goals: Normal
     0 | D:1      | 0 ||| PLANNING D:1-11
   492 | D:1      | Reached skill level 3 in Ranged Weapons
   492 | D:1      | Reached XP level 2. HP: 21/23 MP: 2/2
  1003 | D:1      | 1003 ||| UPGRADING to +0 ring mail.
  1013 | D:1      | 1013 ||| DROPPING +0 robe.
  1014 | D:1      | 1014 ||| READING scroll labelled DIGYRRARYU.
  1015 | D:1      | 1015 ||| READING scroll labelled QYNLIL ATUUPT.
  1020 | D:1      | 1020 ||| DRINKING 2 brown potions.
  1029 | D:1      | 1029 ||| DROPPING scroll of poison.
  1030 | D:1      | 1030 ||| DROPPING potion of ambrosia.
  1073 | D:2      | 1073 ||| FLEEEEING.
  1076 | D:2      | 1076 ||| STAIRDANCE
  1108 | D:1      | 1108 ||| READING scroll labelled CEENEPL WAGAS.
  1112 | D:2      | 1112 ||| STAIRDANCE
  1244 | D:2      | Reached XP level 3. HP: 25/29 MP: 3/3
  1525 | D:2      | 1525 ||| READING scroll labelled VUAGGIT ADIYG.
  1526 | D:2      | 1526 ||| READING scroll labelled MUROYS WUXTAU.
  1527 | D:2      | 1527 ||| READING scroll labelled VIVACH VENWESM.
  1528 | D:2      | 1528 ||| DRINKING 2 metallic green potions.
  1540 | D:3      | Identified the staff of the Ring {rN+ Conj}
  1566 | D:3      | Reached skill level 4 in Ranged Weapons
  1751 | D:3      | Reached skill level 1 in Armour
  1813 | D:3      | Found a radiant altar of Vehumet.
  1813 | D:3      | Noticed a frost-covered statue
  1835 | D:3      | Killed a frost-covered statue
  1836 | D:3      | Reached XP level 4. HP: 36/36 MP: 4/4
  2191 | D:3      | HP: 3/36 [worm (9)]
  2192 | D:3      | 2192 ||| READING scroll of teleportation.
  2192 | D:3      | Slain by a worm

Levels and vault maps discovered:
D:1:      dpeg_arrival_line_fractal, layout_basic
D:2:      layout_rooms
D:3:      kb_forest_paths, layout_basic, vehumet_statue,
          hangedman_decor_clover_reticule

Skill      XL: |  1  2  3 |
---------------+----------+-----
Ranged Weapons | 3 4 |  4.7
Fighting       | 2 |  2.0
Armour         | 1 |  1.0
Dodging        | |  2.1
Spellcasting   | |  1.0
Hexes          | |  2.0

Action                     |  1- 3 |  4- 6 || total
---------------------------+-------+-------++-------
   Fire: Sling             |   151 |    40 ||   191
    Use: Scroll            |     6 |     1 ||     7
         Potion            |     2 |       ||     2
 Armour: Robe              |     3 |       ||     3
         Ring mail         |    12 |     6 ||    18
  Dodge: Dodged            |    41 |     7 ||    48

Table legend:
 A = Non-vault XP
 B = Vault XP
 C = Vault XP percentage of total XP
 D = Non-vault monster count
 E = Vault monster count
 F = Vault count percentage of total count
                 A         B        C        D         E       F
            +---------+---------+-------+---------+---------+-------
      Total |      93 |      34 |  26.8 |      52 |       2 |   3.7
            +---------+---------+-------+---------+---------+-------
        D:1 |      21 |       0 |   0.0 |      15 |       0 |   0.0
        D:2 |      37 |       0 |   0.0 |      20 |       0 |   0.0
        D:3 |      35 |      34 |  49.3 |      17 |       2 |  10.5
            +---------+---------+-------+---------+---------+-------
